 Dungeon Crawl Stone Soup version 0.28-a0-863-g8cecda6153 (webtiles) character file.

Game seed: 16186685134593008483

56 ders the Digger (level 3, -2/19 HPs)
             Began as a Gargoyle Earth Elementalist on Nov 17, 2021.
             Killed from afar by Sigmund (3 damage)
             ... with a puff of flame
             ... on level 2 of the Dungeon.
             The game lasted 00:03:06 (1403 turns).

ders the Digger (Gargoyle Earth Elementalist)       Turns: 1403, Time: 00:03:07

Health: -2/19      AC:  5    Str: 11    XL:     3   Next: 95%
Magic:  0/7        EV: 11    Int: 16    God:
Gold:   23         SH:  0    Dex: 10    Spells: 3/7 levels left

rFire   + . .      SeeInvis .   a - +0 dagger
rCold   . . .      Faith    .   (no shield)
rNeg    + . .      Spirit   .   b - +0 robe
rPois   ∞          Reflect  .   (no helmet)
rElec   +          Harm     .   (no cloak)
rCorr   .          Rampage  .   (no gloves)
Will    .....                   (no boots)
Stlth   ++........              (no amulet)
HPRegen 0.06/turn               f - ring of protection from fire
MPRegen 0.10/turn               (no ring)

@: no status effects
A: sickness immunity, AC +3, negative energy resistance 1, electricity
resistance, torment resistance 1, petrification resistance
a: no special abilities


You were on level 2 of the Dungeon.
You visited 1 branch of the dungeon, and saw 2 of its levels.

You collected 23 gold pieces.

Inventory:

Hand Weapons
 a - a +0 dagger (weapon)
Missiles
 c - 35 stones
Armour
 b - a +0 robe (worn)
Jewellery
 f - a ring of protection from fire (left hand)
Scrolls
 d - a scroll of fog {unknown}
 g - a scroll of identify {unknown}
Potions
 e - a potion of curing {unknown}


   Skills:
 - Level 1.5 Dodging
 - Level 2.1 Stealth
 + Level 2.7 Spellcasting
 + Level 2.0 Conjurations
 - Level 0.7 Transmutations
 + Level 4.4 Earth Magic


You had 3 spell levels left.
You knew the following spells:

 Your Spells              Type           Power      Damage    Failure   Level
a - Sandblast             Erth           32%        2d9       3%          1
b - Stone Arrow           Conj/Erth      24%        3d8       16%         3

Your spell library contained the following spells:

 Spells                   Type           Power      Damage    Failure   Level
 Passwall                 Tmut/Erth      8%         N/A       10%         2
 Petrify                  Tmut/Erth      10%        N/A       54%         4


Dungeon Overview and Level Annotations

Branches:
Dungeon (2/15)

Altars:

Annotations:
D:2 Sigmund


Innate Abilities, Weirdness & Mutations

You are immune to sickness and miasma.
Your stone body is resilient. (AC +3)
You are immune to poison.
You resist negative energy. (rN+)
You are resistant to electric shocks. (rElec)
You are resistant to unholy torment.
You are immune to petrification.


Message History

The blast of sand misses Sigmund.
Sigmund hits you from afar with a +0 scythe.
Unknown command.
Casting: Sandblast (safe; 3% risk of failure)
Confirm with . or Enter, or press ? or * to list all spells.
Aiming: Sandblast (safe; 3% risk of failure)
Press: ? - help, Shift-Dir - straight line, f/p - Sigmund
Aim: Sigmund, wielding a +0 scythe, wearing a +0 robe and carrying a wand of flame (17) (77% to hit)
The blast of sand hits Sigmund!
Sigmund is moderately wounded.
Unknown command.
Casting: Sandblast (safe; 3% risk of failure)
Confirm with . or Enter, or press ? or * to list all spells.
Aiming: Sandblast (safe; 3% risk of failure)
Press: ? - help, Shift-Dir - straight line, f/p - Sigmund
Aim: Sigmund, wielding a +0 scythe, wearing a +0 robe and carrying a wand of flame (17) (moderately wounded, 77% to hit)
The blast of sand hits Sigmund!
Sigmund is heavily wounded.
Sigmund points at you and mumbles some strange words.
The puff of flame hits you. You resist.
Unknown command.
Casting: Sandblast (safe; 3% risk of failure)
Confirm with . or Enter, or press ? or * to list all spells.
Aiming: Sandblast (safe; 3% risk of failure)
Press: ? - help, Shift-Dir - straight line, f/p - Sigmund
Aim: Sigmund, wielding a +0 scythe, wearing a +0 robe and carrying a wand of flame (17) (heavily wounded, 77% to hit)
The blast of sand hits Sigmund.
Sigmund is heavily wounded.
Sigmund hits you from afar with a +0 scythe.
* * * LOW HITPOINT WARNING * * *
Unknown command.
Casting: Sandblast (safe; 3% risk of failure)
Confirm with . or Enter, or press ? or * to list all spells.
Aiming: Sandblast (safe; 3% risk of failure)
Press: ? - help, Shift-Dir - straight line, f/p - Sigmund
Aim: Sigmund, wielding a +0 scythe, wearing a +0 robe and carrying a wand of flame (17) (heavily wounded, 77% to hit)
The blast of sand hits Sigmund!
Sigmund is almost dead.
Sigmund zaps a wand.
The puff of flame hits you. You resist.
You die...

# #. #.#### #.@..#
#....#
#...@################
#>...'.........).....
#....################
#....# # #....# #
#....# # #....# #
#....# ## #.B.. ..


You could see Sigmund.

Vanquished Creatures
  An adder (D:2)
  2 dart slugs
  3 ball pythons (D:1)
  5 endoplasms
  3 giant cockroaches
  3 hobgoblins
  4 quokkas
  3 bats
  5 frilled lizards
  3 goblins (D:1)
  4 kobolds
  6 rats (D:1)
42 creatures vanquished.

Vanquished Creatures (others)
  7 toadstools (D:2)
7 creatures vanquished.

Grand Total: 49 creatures vanquished

Notes
Turn   | Place    | Note
-------+----------+-------------------------------------------
     0 | D:1      | ders the Gargoyle Earth Elementalist began the quest for
                  | the Orb.
     0 | D:1      | Reached XP level 1. HP: 10/10 MP: 3/3
   124 | D:1      | Reached XP level 2. HP: 4/15 MP: 0/5
   149 | D:1      | Reached skill level 1 in Conjurations
   280 | D:1      | Reached skill level 4 in Earth Magic
   548 | D:1      | Reached XP level 3. HP: 19/19 MP: 1/6
   552 | D:1      | Learned a level 3 spell: Stone Arrow
   734 | D:1      | Found a faded altar of an unknown god.
  1395 | D:2      | Noticed Sigmund
  1403 | D:2      | Killed from afar by Sigmund

Illustrated notes

Levels and vault maps discovered:
D:1:      minmay_arrival_doors, layout_basic,
          dilly_ecumenical_altar_fadedgnrine, st_stairs_10
D:2:      cheibrodos_fertilizer, layout_basic, minmay_quantized, uniq_sigmund

Skill      XL: |  1  2  3 |
---------------+----------+-----
Conjurations   | 1 2 |  2.0
Earth Magic    | 4 |  4.4
Dodging        | |  1.5
Stealth        | |  2.1
Spellcasting   | |  2.7
Transmutations | |  0.7

Action                   || total
-------------------------++-------
Melee: Dagger            ||     3
 Cast: Sandblast         ||    60
Armor: Robe              ||    15
Dodge: Dodged            ||    33

Table legend: (Time is in decaauts)
 A = Elapsed time spent in this place.
 B = Non-inter-level travel time spent in this place.
 C = Inter-level travel time spent in this place.
 D = Time resting spent in this place.
 E = Time spent auto-exploring this place.
 F = Levels seen in this place.
 G = Mean time per level.
                   A        B        C        D        E       F      G
               +--------+--------+--------+--------+--------+-----+--------+
         Total |   1401 |   1338 |     63 |    467 |    585 |   2 |  700.5 |
       Dungeon |   1401 |   1338 |     63 |    467 |    585 |   2 |  700.5 |
               +--------+--------+--------+--------+--------+-----+--------+

Top non-repeatable levels by time:
     D:1: 1002 daAuts
     D:2: 399 daAuts
